AoeStats
← _The_Lion

Arabia

506570824Analyzed
1v1 RM · 19d ago on Sep 14, 2026· 48m 47s· 2 players
Game mode
Random Map
Map size
Tiny (2 player)
Population
200
Speed
Normal
Resources
Standard
Victory
Conquest
Starting age
Dark Age
Ending age
Imperial Age
RankedLock teamsTeams togetherTeam positionsShared explorationLock speedFull tech treeHidden civsTurbo modeCheats
Victory
Defeat
🇨🇳 Khitans · China
1772
+13
🇨🇦 Malay · Canada
1707
-13
_The_Lion
5:56 Loom
9:14 Feudal Age
9:22 Man-at-Arms
16:40 Forging
19:24 Double-Bit Axe
24:01 Castle Age
21:55 Arson
24:13 Iron Casting
23:08 Long Swordsman
24:02 Pikeman
27:39 Squires
36:02 Imperial Age
34:35 Fletching
37:04 Wheelbarrow
36:09 Elite Skirmisher
36:18 Crossbowman
37:07 Bodkin Arrow
38:51 Ballistics
40:02 Bracer
42:02 Thumb Ring
48:06 Chemistry
49:15 Chemistry
Player91341922
6:19 Loom
8:48 Feudal Age
9:24 Double-Bit Axe
16:08 Forging
17:07 Scale Barding Armor
23:12 Castle Age
21:41 Padded Archer Armor
21:50 Fletching
22:18 Gold Mining
23:59 Husbandry
23:19 Light Cavalry
23:24 Crossbowman
24:40 Bodkin Arrow
26:27 Wheelbarrow
26:47 Town Watch
28:14 Hand Cart
30:54 Ballistics
30:53 Leather Archer Armor
30:57 Stone Mining
34:35 Thumb Ring
35:47 Scale Mail Armor
39:08 Imperial Age
37:52 Chain Mail Armor
38:23 Bow Saw
38:35 Domestication
40:30 Conscription
40:47 Plate Mail Armor
41:20 Hussar
42:19 Siege Engineers
43:19 Two-Man Saw
43:15 Bracer
43:50 Iron Casting
43:39 Chain Barding Armor
44:23 Lamellar Armor
44:04 Elite Skirmisher
45:55 Chemistry
44:58 Bracer
45:29 Ring Archer Armor
47:28 Plate Barding Armor
47:24 Ring Archer Armor
Connection lost

Rejoining the realm…

Still unreachable

The connection could not be restored.

Session expired

The server has moved on; the page needs a fresh start.